 Dungeon Crawl Stone Soup version 0.29.1-2-gbd0b4ee654 (webtiles) character file.

Game seed: 2962018689870441277

44 GorkyZ the Cudgeller (level 3, -1/22 HPs)
             Began as a Gargoyle Gladiator on Dec 1, 2022.
             Slain by Terence
             ... wielding a +0 mace
              (5 damage)
             ... on level 2 of the Dungeon.
             The game lasted 00:02:28 (1644 turns).

GorkyZ the Cudgeller (Gargoyle Gladiator)           Turns: 1644, Time: 00:02:29

Health: -1/22      AC:  8    Str: 19    XL:     3   Next: 62%
Magic:  3/3        EV: 12    Int:  8    God:
Gold:   14         SH:  0    Dex: 11    Spells: 2/2 levels left

rFire   . . .      SeeInvis .   a - +0 flail
rCold   . . .      Faith    .   (no shield)
rNeg    + . .      Spirit   .   b - +0 leather armour
rPois   ∞          Reflect  .   c - +0 helmet
rElec   +          Harm     .   (no cloak)
rCorr   .          Rampage  .   (no gloves)
Will    .....                   f - +0 pair of boots
Stlth   +.........              (no amulet)
HPRegen 0.07/turn               (no ring)
MPRegen 0.08/turn               (no ring)

@: no status effects
A: sickness immunity, AC +3, negative energy resistance 1, electricity
resistance, torment resistance 1, petrification resistance
a: no special abilities


You were on level 2 of the Dungeon.
You visited 1 branch of the dungeon, and saw 2 of its levels.

You collected 14 gold pieces.

Inventory:

Hand Weapons
 a - a +0 flail (weapon)
 m - a +0 hand axe
Missiles
 d - 3 throwing nets (quivered)
 e - a javelin
Armour
 b - a +0 leather armour (worn)
 c - a +0 helmet (worn)
 f - a +0 pair of boots (worn)
Jewellery
 k - an amulet of guardian spirit
 n - a ring of fire
 o - a ring of wizardry
Scrolls
 g - a scroll of vulnerability {unknown}
 h - 2 scrolls of teleportation {unknown}
 i - 3 scrolls of poison {unknown}
 j - a scroll of summoning {unknown}
 p - a scroll of identify {unknown}
Potions
 l - a potion of haste {unknown}


   Skills:
 + Level 2.7 Fighting
 * Level 3.6 Maces & Flails
 + Level 2.2 Throwing
 + Level 2.7 Dodging


You had 2 spell levels left.
You didn't know any spells.
Your spell library was empty.

Dungeon Overview and Level Annotations

Branches:
Dungeon (2/15)

Altars:

Annotations:
D:2 Terence


Innate Abilities, Weirdness & Mutations

You are immune to sickness and miasma.
Your stone body is resilient. (AC +3)
You are immune to poison.
You resist negative energy. (rN+)
You are resistant to electric shocks. (rElec)
You are resistant to unholy torment.
You are immune to petrification.


Message History

You barely miss Terence.
Terence is lightly wounded.
Terence hits you with a +0 mace.
You are too injured to fight recklessly!
You are too injured to fight recklessly!
You are too injured to fight recklessly!
You are too injured to fight recklessly!
You are too injured to fight recklessly!
You are too injured to fight recklessly!
You are too injured to fight recklessly!
You are too injured to fight recklessly!
You are too injured to fight recklessly!
You are too injured to fight recklessly!
You are too injured to fight recklessly!
You are too injured to fight recklessly!
You are too injured to fight recklessly!
You are too injured to fight recklessly!
You are too injured to fight recklessly!
You are too injured to fight recklessly!
You are too injured to fight recklessly!
You are too injured to fight recklessly!
You are too injured to fight recklessly!
You hit Terence but do no damage.
Terence is lightly wounded.
Terence hits you with a +0 mace.
* * * LOW HITPOINT WARNING * * *
You hit Terence.
Terence is moderately wounded.
Terence barely misses you.
You completely miss Terence.
Terence is moderately wounded.
Terence hits you but does no damage. Terence closely misses you.
You sock Terence!
Terence is severely wounded.
Terence hits you with a +0 mace.
* * * LOW HITPOINT WARNING * * *
You hit Terence.
Terence is almost dead.
Terence hits you with a +0 mace.
You die...

#### #@.# #...J@#†#
..#.####.# ######.#..#
#.#...).#.# . #..#.######
####### #...###.#####
#######.....#
............#####....##.....#
##..#######.......##.##.....#


You could see Terence and an endoplasm.

Vanquished Creatures
  An adder (D:2)
  A dart slug (D:1)
  2 ball pythons (D:1)
  5 endoplasms
  A giant cockroach (D:2)
  2 goblins (D:1)
  4 hobgoblins
  3 kobolds (D:1)
  A quokka (D:1)
  5 bats
  3 frilled lizards
  2 rats
30 creatures vanquished.

Vanquished Creatures (others)
  4 fungi (D:1)
4 creatures vanquished.

Grand Total: 34 creatures vanquished

Notes
Turn   | Place    | Note
-------+----------+-------------------------------------------
     0 | D:1      | GorkyZ the Gargoyle Gladiator began the quest for the Orb.
     0 | D:1      | Reached XP level 1. HP: 12/12 MP: 1/1
   237 | D:1      | Reached XP level 2. HP: 14/18 MP: 2/2
  1236 | D:1      | Reached XP level 3. HP: 21/22 MP: 3/3
  1366 | D:1      | Found a faded altar of an unknown god.
  1626 | D:2      | Noticed Terence
  1644 | D:2      | Slain by Terence

Illustrated notes

Levels and vault maps discovered:
D:1:      dpeg_arrival_oval, layout_basic, shapermc_ecumenical_altar_petra,
          minmay_misc_feat_tiny
D:2:      minmay_angry_zag, layout_basic, uniq_jessica, uniq_terence

Skill      XL: |  1  2 |
---------------+-------+-----
Throwing       | 2 |  2.2
Fighting       | |  2.7
Maces & Flails | |  3.6
Dodging        | |  2.7

Action                   || total
-------------------------++-------
Melee: Flail             ||   138
       Punch             ||     2
Armor: Leather armour    ||    51
Dodge: Dodged            ||   107
